 Dungeon Crawl Stone Soup version 0.21.0-37-g46506fa (webtiles) character file.

3477 seren the Scholar of Death (level 9, -7/69 HPs)
             Began as a Mummy Necromancer on Jan 29, 2018.
             Was a Follower of Kikubaaqudgha.
             Killed from afar by a manticore (13 damage)
             ... with a volley of spikes
             ... on level 9 of the Dungeon on Jan 30, 2018.
             The game lasted 00:56:08 (12818 turns).

seren the Scholar of Death (Mummy Necromancer)     Turns: 12818, Time: 00:56:09

Health: -7/69      AC:  5    Str: 17    XL:     9   Next: 79%
Magic:  13/18      EV: 13    Int: 20    God:    Kikubaaqudgha [*.....]
Gold:   492        SH:  0    Dex: 21    Spells: 4/20 levels left

rFire    . . .     SeeInvis .   a - +9 short sword of Governance {pierce, rF+ MR- Dex+7}
rCold    + . .     Gourm    .   (no shield)
rNeg     + + +     Faith    .   k - +0 leather armour
rPois    ∞         Spirit   .   c - +1 helmet {Int+3}
rElec    .         Reflect  .   (no cloak)
rCorr    .         Harm     .   (no gloves)
MR       .....                  (no boots)
Stlth    ++........             (no amulet)
HPRegen  0.21/turn              d - +5 ring of strength
MPRegen  0.16/turn              l - +2 ring of dexterity

@: barbed spikes
A: no food or potions, fire vulnerability, cold resistance 1, negative energy
resistance 3, torment resistance, unbreathing
a: Receive Corpses, Renounce Religion


You were on level 9 of the Dungeon.
You worshipped Kikubaaqudgha.
Kikubaaqudgha was aware of your devotion.
You were not hungry.

You visited 3 branches of the dungeon, and saw 11 of its levels.

You collected 492 gold pieces.

Inventory:

Hand Weapons
 a - the +9 short sword of Governance (weapon) {pierce, rF+ MR- Dex+7}
   (You found it on level 4 of the Dungeon)

   It inflicts extra damage upon your enemies.
   It affects your dexterity (+7).
   It protects you from fire.
   It affects your resistance to hostile enchantments.
 h - a +0 spear
Missiles
 f - 71 sling bullets
 g - 206 stones (quivered)
Armour
 c - a +1 helmet of intelligence (worn)
 k - a +0 leather armour (worn)
 r - a +0 shield
Jewellery
 d - a +5 ring of strength (left hand)
 l - a +2 ring of dexterity (right hand)
 v - an uncursed ring of flight
Wands
 o - a wand of clouds (8)
 q - a wand of scattershot (7)
 w - a wand of iceblast (7)
Scrolls
 i - 3 scrolls of magic mapping
 j - 4 scrolls of remove curse
 m - 5 scrolls of teleportation {!r}


   Skills:
 + Level 5.9 Fighting
 - Level 3.0 Armour
 - Level 3.0 Dodging
 - Level 3.0 Stealth
 + Level 6.3 Spellcasting
 * Level 8.8 Necromancy
 + Level 3.0 Earth Magic
 + Level 4.0 Evocations


You had 4 spell levels left.
You knew the following spells:

 Your Spells              Type           Power        Failure   Level  Hunger
a - Pain                  Necr           ####         1%          1    N/A
b - Borgnjor's Vile Clut  Necr/Erth      ####......   28%         5    N/A
c - Corpse Rot            Necr           N/A          1%          2    N/A
d - Animate Dead          Necr           N/A          3%          4    N/A
s - Animate Skeleton      Necr           N/A          1%          1    N/A
v - Vampiric Draining     Necr           #####.....   1%          3    N/A

Dungeon Overview and Level Annotations

Branches:
Dungeon (9/15)             Temple (1/1) D:7            Lair (1/6) D:8
    Orc: D:9-12

Altars:
Ashenzari
Cheibriados
Dithmenos
Elyvilon
Fedhas
Gozag
Hepliaklqana
Kikubaaqudgha
Makhleb
Nemelex Xobeh
Okawaru
Qazlal
Ru
Sif Muna
Trog
Uskayaw
Vehumet
Wu Jian
Xom
Yredelemnul
Zin
The Shining One

Shops:
D:4 %

Annotations:
D:4 ogre
D:6 exclusion: orc warrior, Eustachio
D:9 Baghtru's ghost, journeyman HOFi


Innate Abilities, Weirdness & Mutations

You do not eat or drink.
Your flesh is vulnerable to fire.
You are immune to poison.
Your flesh is cold resistant. (rC+)
You are immune to negative energy. (rN+++)
You are immune to unholy pain and torment.
You can survive without breathing.


Message History

Casting: Pain
Confirm with . or Enter, or press ? or * to list all spells.
Aiming: Pain
Press: ? - help, Shift-Dir - straight line, f/p - manticore
Aim: a manticore (severely wounded, chance to defeat MR: 71%)
The manticore writhes in agony!
The manticore flicks its tail.
The volley of spikes hits you!
The barbed spikes become lodged in your body.
* * * LOW HITPOINT WARNING * * *
You can't drink.
Unknown command.
As you read the scroll labeled YRETWE XOGO, it crumbles to dust.
It is a scroll of amnesia.
Okay, then.
The manticore flicks its tail.
The volley of spikes hits you!
The barbed spikes become lodged in your body.
You die...
Kikubaaqudgha rasps: "You have failed me!
Welcome... oblivion!"

. #.......+....#
..##.(.....#....#
#.#........(.........#
#....#....(..<..#....#
#....#..............(#
#....#....##.........#####
#....#....##..............
#.........................
#...####...@...H(.......
#...# #.........(......
#...# #..........(#....
##...# #.(.........#....
#....####..........(# .G.
#...#..........##+#.# ..
#...#..........##.#.#
#......(.......##.#.#
#...#...!......##.#


You could see a manticore.

Vanquished Creatures
  A hippogriff (D:9)
  A spriggan (D:7)
  A hungry ghost (D:7)
  A water moccasin (D:6)
  A porcupine (Lair:1)
  An orc warrior (D:7)
  3 ice beasts
  2 sky beasts (D:6)
  A necrophage (D:4)
  6 phantoms
  An ogre (D:4)
  4 bullfrogs
  Blork the orc (D:5)
  4 scorpions
  3 crimson imps
  2 jellies
  2 hounds
  A centaur skeleton (D:7)
  4 orc priests
  5 orc wizards
  A bullfrog skeleton (D:5)
  Terence (D:3)
  2 iguanas
  6 worker ants
  Robin (D:2)
  13 adders
  2 shadow imps
  2 oozes
  5 adder zombies
  2 adder skeletons
  2 worms
  A dart slug (D:3)
  7 leopard geckos
  23 orcs
  4 bats
  9 giant cockroaches
  20 goblins
  6 hobgoblins
  8 kobolds
  2 quokkas
  2 ball pythons
  6 frilled lizards
  A leopard gecko skeleton (D:4)
  A quokka skeleton (D:6)
  7 rats
  A bush (D:7)
180 creatures vanquished.

Vanquished Creatures (collateral kills)
  An orc priest (D:5)
  A hound zombie (D:6)
  A worm (D:2)
  5 orcs
  2 goblins (D:2)
  A hobgoblin (D:2)
  A frilled lizard (D:2)
  2 rats
  A bush (D:7)
15 creatures vanquished.

Grand Total: 195 creatures vanquished

Notes
Turn   | Place    | Note
-------+----------+-------------------------------------------
     0 | D:1      | seren the Mummy Necromancer began the quest for the Orb.
     0 | D:1      | Reached XP level 1. HP: 13/13 MP: 4/4
    47 | D:1      | Learned a level 1 spell: Animate Skeleton
   112 | D:1      | Reached XP level 2. HP: 20/20 MP: 1/5
   226 | D:1      | Reached skill level 1 in Fighting
   648 | D:1      | Reached XP level 3. HP: 23/26 MP: 5/7
   657 | D:1      | Learned a level 3 spell: Vampiric Draining
  1571 | D:2      | Reached XP level 4. HP: 29/33 MP: 4/8
  1589 | D:2      | Noticed Robin
  2048 | D:2      | Killed Robin
  2246 | D:2      | Found an iron altar of Okawaru.
  2658 | D:2      | Found a glowing golden altar of the Shining One.
  2809 | D:3      | Noticed a bullfrog
  2822 | D:3      | Killed a bullfrog
  2822 | D:3      | Reached XP level 5. HP: 11/40 MP: 0/10
  3216 | D:3      | Found a stormy altar of Qazlal.
  3218 | D:3      | Noticed an air elemental
  3227 | D:3      | Noticed a water elemental
  3227 | D:3      | Noticed a fire elemental
  3728 | D:3      | Reached skill level 5 in Necromancy
  3832 | D:3      | Noticed Terence
  3841 | D:3      | Killed Terence
  4004 | D:3      | Learned a level 4 spell: Animate Dead
  4106 | D:4      | Found a bloodstained altar of Trog.
  4112 | D:4      | Reached XP level 6. HP: 45/47 MP: 5/12
  4135 | D:4      | Got a shimmering short sword
  4136 | D:4      | Identified the +9 short sword of Governance {pierce, rF+ MR- Dex+7} (You found it on level 4 of the Dungeon)
  4372 | D:4      | Reached skill level 1 in Evocations
  4437 | D:4      | Found Camnu's Food Emporium.
  5035 | D:4      | Found a sacrificial altar of Ru.
  5095 | D:4      | Found a shattered altar of Ashenzari.
  5472 | D:4      | Reached XP level 7. HP: 33/53 MP: 13/13
  5685 | D:4      | Reached skill level 1 in Armour
  5842 | D:4      | Reached skill level 6 in Necromancy
  6027 | D:5      | Entered Level 5 of the Dungeon
  6108 | D:5      | Upgraded the game from 0.21.0-34-g9234887 to 0.21.0-37-g46506fa
  6116 | D:5      | Noticed Blork the orc
  7040 | D:4      | Reached skill level 5 in Spellcasting
  7137 | D:4      | Learned a level 5 spell: Borgnjor's Vile Clutch
  7362 | D:5      | Reached XP level 8. HP: 61/61 MP: 15/15
  7528 | D:5      | Found a glowing silver altar of Zin.
  7528 | D:5      | Noticed an angel
  7687 | D:4      | Reached skill level 1 in Earth Magic
  8122 | D:5      | Killed Blork the orc
  8122 | D:5      | Reached skill level 7 in Necromancy
  8864 | D:6      | Noticed Eustachio
  9152 | D:6      | Reached skill level 5 in Fighting
  9834 | D:7      | Reached XP level 9. HP: 65/68 MP: 17/17
  9843 | D:7      | Found a staircase to the Ecumenical Temple.
  9857 | Temple   | Entered the Ecumenical Temple
 10003 | Temple   | Became a worshipper of Kikubaaqudgha
 10675 | D:7      | Reached skill level 8 in Necromancy
 10841 | D:7      | Found a shimmering altar of Xom.
 10936 | D:7      | Reached * piety under Kikubaaqudgha
 10936 | D:7      | Identified Kikubaaqudgha's Collected Works on Stolen Souls (Kikubaaqudgha gifted it to you on level 7 of the Dungeon)
 10936 | D:7      | Received a gift from Kikubaaqudgha
 10943 | D:7      | Learned a level 2 spell: Corpse Rot
 11744 | D:8      | Found a sparkling altar of Nemelex Xobeh.
 12011 | D:8      | Found a staircase to the Lair.
 12020 | Lair:1   | Entered Level 1 of the Lair of Beasts
 12271 | D:9      | Noticed a manticore
 12384 | D:9      | Noticed Baghtru's ghost (journeyman HOFi)
 12457 | D:9      | Found a radiant altar of Vehumet.
 12460 | D:9      | Found a basalt altar of Yredelemnul.
 12460 | D:9      | Found an ornate altar of the Wu Jian Council.
 12461 | D:9      | Found a hazy altar of Hepliaklqana.
 12818 | D:9      | Killed from afar by a manticore

Skill      XL: |  1  2  3  4  5  6  7  8  9 |
---------------+----------------------------+-----
Fighting       | 1 2 3 4 5 |  5.9
Spellcasting   | 3 4 5 6 |  6.3
Stealth        | 2 3 |  3.0
Necromancy     | 5 6 7 8 |  8.8
Evocations     | 1 2 3 4 |  4.0
Armour         | 1 2 3 |  3.0
Earth Magic    | 2 3 |  3.0
Dodging        | 2 3 |  3.0

Action                   |  1- 3 |  4- 6 |  7- 9 || total
-------------------------+-------+-------+-------++-------
Melee: Dagger            |    14 |       |       ||    14
       Spear             |    46 |    70 |       ||   116
       Short sword       |       |    24 |   222 ||   246
Throw: Stone             |       |       |    34 ||    34
 Cast: Pain              |    47 |   133 |   172 ||   352
       Animate Skeleton  |     9 |    17 |     6 ||    32
       Vampiric Draining |       |     1 |     8 ||     9
       Animate Dead      |       |       |    13 ||    13
       Corpse Rot        |       |       |     1 ||     1
  Use: Scroll            |       |     4 |     4 ||     8
 Stab: Sleeping          |     2 |     1 |     7 ||    10
       Distracted        |       |     1 |       ||     1
Armor: Robe              |     9 |     7 |       ||    16
       Leather armour    |       |    10 |    44 ||    54
Dodge: Dodged            |    34 |    67 |   130 ||   231
